 Dungeon Crawl Stone Soup version 0.26.1-2-gb8aa6d0cf2 (webtiles) character file.

Game seed: 12678586503250023818

46 sleeves the Sneak (level 3, 0/19 HPs)
             Began as a Vampire Hedge Wizard on Mar 19, 2021.
             Slain by a kobold
             ... wielding a +1 short sword of venom
              (8 damage)
             ... on level 1 of the Dungeon.
             The game lasted 00:05:08 (1504 turns).

sleeves the Sneak (Vampire Hedge Wizard)            Turns: 1504, Time: 00:05:08

Health: 0/19       AC:  2    Str:  9    XL:     3   Next: 46%
Magic:  5/7        EV: 12    Int: 17    God:
Gold:   63         SH:  0    Dex: 13    Spells: 2/8 levels left

rFire    . . .     SeeInvis +   i - +1 dagger (speed)
rCold    + + .     Faith    .   (no shield)
rNeg     + + +     Spirit   .   b - +0 robe
rPois    ∞         Reflect  .   c - +0 hat
rElec    .         Harm     .   (no cloak)
rCorr    .         Rampage  .   (no gloves)
Will     .....                  (no boots)
Stlth    +++++.....             (no amulet)
HPRegen  0.00/turn              (no ring)
MPRegen  0.10/turn              (no ring)

@: bloodless
A: fangs 3, see invisible, unbreathing
a: Bat Form, Revivify


You were on level 1 of the Dungeon.
You visited 1 branch of the dungeon, and saw 2 of its levels.

You collected 63 gold pieces.

Inventory:

Hand Weapons
 a - a +0 dagger
 i - a +1 dagger of speed (weapon)
   (You took it off a kobold on level 1 of the Dungeon)
Armour
 b - a +0 robe (worn)
 c - a +0 hat (worn)
Scrolls
 d - a scroll of immolation {unknown}
 f - 3 scrolls of identify {unknown}
 h - a scroll of fear {unknown}
 j - a scroll of remove curse {unknown}
 k - a scroll of fog {unknown}
Potions
 e - a potion of lignification {unknown}
 g - 4 potions of curing {unknown}


   Skills:
 + Level 1.7 Short Blades
 - Level 2.1 Dodging
 + Level 4.3 Stealth
 + Level 3.4 Spellcasting
 - Level 0.6 Conjurations
 - Level 1.0 Summonings
 - Level 0.7 Translocations
 + Level 0.2 Air Magic


You had 2 spell levels left.
You knew the following spells:

 Your Spells              Type           Power        Failure   Level
a - Magic Dart            Conj           16%          13%         1
b - Mephitic Cloud        Conj/Pois/Air  3%           41%         3
c - Blink                 Tloc           N/A          19%         2

Your spell library contained the following spells:

 Spells                   Type           Power        Failure   Level
 Call Imp                 Summ           6%           17%         2
 Slow                     Hex            2%           26%         2
 Conjure Flame            Conj/Fire      3%           41%         3


Dungeon Overview and Level Annotations

Branches:
Dungeon (2/15)

Altars:


Innate Abilities, Weirdness & Mutations

You do not regenerate when monsters are visible.
You are frail without blood (-20% HP).
You can heal yourself when you bite living creatures.
You are immune to poison.
You have razor-sharp teeth.
You have supernaturally acute eyesight. (SInv)
You can survive without breathing.


Message History

Welcome, sleeves the Vampire Hedge Wizard.
The bosom of this dungeon contains the fabulous artefact, the Orb of Zot.
Press ? for a list of commands and other information.
Found a ring mail.
Found a staircase leading out of the dungeon.
Okay, then.
Okay, then.
Unknown command.
Unknown command.
Unknown command.
Unknown command.
Unknown command.
Unknown command.
Okay, then.
Okay, then.
Unknown command.
Okay, then.
Found a dagger.
You see here a ring mail.
You open the door.
There is an open door here.
You open the door.
There is an open door here.
Found 13 stones.
You see here 13 stones.
d - a scroll labelled EXISAL UNENT You now have 10 gold pieces.
You open the door.
There is an open door here.
You see here a ring mail.
You see here a dagger.
You open the door.
A goblin comes into view. It is wielding a +0 dagger.
There is an open door here.
A goblin is nearby!
A goblin is nearby!
The helpless goblin fails to defend itself.
You puncture the goblin!
You kill the goblin!
Found a stone staircase leading down.
There is a stone staircase leading down here.
A kobold comes into view. It is wielding a -1 whip.
Found 9 poisoned darts.
A kobold is nearby!
A kobold is nearby!
A frilled lizard comes into view.
There is a stone staircase leading down here.
Casting: Magic Dart (safe; 14% risk of failure)
Confirm with . or Enter, or press ? or * to list all spells.
Aiming: Magic Dart (safe; 14% risk of failure)
Press: ? - help, Shift-Dir - straight line, f - kobold
Aim: a kobold, wielding a -1 whip (0% to evade)
The magic dart hits the kobold.
The kobold is severely wounded.
Casting: Magic Dart (safe; 14% risk of failure)
Confirm with . or Enter, or press ? or * to list all spells.
Aiming: Magic Dart (safe; 14% risk of failure)
Press: ? - help, Shift-Dir - straight line, f/p - kobold
Aim: a kobold, wielding a -1 whip (severely wounded, 0% to evade)
The magic dart hits the kobold.
You kill the kobold!
You start resting.
Magic restored.
The frilled lizard completely misses you.
You closely miss the frilled lizard.
The frilled lizard bites you but does no damage.
You barely miss the frilled lizard. The frilled lizard bites you.
You closely miss the frilled lizard. Your bite misses the frilled lizard.
The frilled lizard barely misses you.
You hit the frilled lizard.
You kill the frilled lizard!
No target in view!
No target in view!
e - a fuming amethyst potion Key pressed, stopping explore.
A bat comes into view.
A bat is nearby!
A bat is nearby!
A hobgoblin comes into view.
The bat hits you but does no damage.
You hit the bat.
You kill the bat!
The helpless hobgoblin fails to defend itself.
You puncture the hobgoblin!
You kill the hobgoblin!
f - a scroll labelled ZUL VOTOFO
Found a stone staircase leading down.
A giant cockroach and a goblin come into view.
There are monsters nearby!
The goblin shouts!
You hit the goblin. Your bite misses the goblin.
The goblin is severely wounded.
The goblin closely misses you.
You hit the goblin.
You kill the goblin!
No target in view!
No target in view!
Things that are here:
a +0 club; a goblin corpse A giant cockroach is nearby!
A giant cockroach is nearby!
The helpless giant cockroach fails to defend itself.
You puncture the giant cockroach!
You kill the giant cockroach!
No target in view! 2 hobgoblins come into view.
Found a scroll labelled ZUL VOTOFO.
There are monsters nearby!
There are monsters nearby!
There are monsters nearby!
The hobgoblin shouts! x2
Casting: Magic Dart (safe; 14% risk of failure)
Confirm with . or Enter, or press ? or * to list all spells.
Aiming: Magic Dart (safe; 14% risk of failure)
Press: ? - help, Shift-Dir - straight line, f - hobgoblin
Aim: a hobgoblin, wielding a +0 club (0% to evade)
The magic dart hits the hobgoblin.
The hobgoblin is heavily wounded.
Casting: Magic Dart (safe; 14% risk of failure)
Confirm with . or Enter, or press ? or * to list all spells.
Aiming: Magic Dart (safe; 14% risk of failure)
Press: ? - help, Shift-Dir - straight line, f/p - hobgoblin
Aim: a hobgoblin, wielding a +0 club (heavily wounded, 0% to evade)
The magic dart hits the hobgoblin.
The hobgoblin is severely wounded.
The hobgoblin misses you.
Casting: Magic Dart (safe; 14% risk of failure)
Confirm with . or Enter, or press ? or * to list all spells.
Aiming: Magic Dart (safe; 14% risk of failure)
Press: ? - help, Shift-Dir - straight line, f/p - hobgoblin
Aim: a hobgoblin, wielding a +0 club (severely wounded, 0% to evade)
The magic dart hits the hobgoblin but does no damage.
The hobgoblin is severely wounded.
The hobgoblin barely misses you.
Casting: Magic Dart (safe; 14% risk of failure)
Confirm with . or Enter, or press ? or * to list all spells.
Aiming: Magic Dart (safe; 14% risk of failure)
Press: ? - help, Shift-Dir - straight line, f/p - hobgoblin
Aim: a hobgoblin, wielding a +0 club (severely wounded, 0% to evade)
The magic dart hits the hobgoblin but does no damage.
The hobgoblin is severely wounded.
* * * LOW MAGIC WARNING * * *
The hobgoblin hits you with a +0 club.
You hit the hobgoblin.
The hobgoblin is almost dead.
The hobgoblin hits you with a +0 club.
* * * LOW HITPOINT WARNING * * *
You barely miss the hobgoblin.
The hobgoblin is almost dead.
The hobgoblin hits you with a +0 club.
* * * LOW HITPOINT WARNING * * *
Found a red potion.
The hobgoblin hits you with a +0 club.
* * * LOW HITPOINT WARNING * * *
Casting: Magic Dart (safe; 14% risk of failure)
Confirm with . or Enter, or press ? or * to list all spells.
Aiming: Magic Dart (safe; 14% risk of failure)
Press: ? - help, Shift-Dir - straight line, f/p - hobgoblin
Aim: a hobgoblin, wielding a +0 club (severely wounded, 0% to evade)
The magic dart hits the hobgoblin.
The hobgoblin is almost dead.
Casting: Magic Dart (safe; 14% risk of failure)
Confirm with . or Enter, or press ? or * to list all spells.
Aiming: Magic Dart (safe; 14% risk of failure)
Press: ? - help, Shift-Dir - straight line, f/p - hobgoblin
Aim: a hobgoblin, wielding a +0 club (almost dead, 0% to evade)
The magic dart hits the hobgoblin.
You kill the hobgoblin!
You have reached level 2!
Things that are here:
a +0 club; a hobgoblin corpse
Casting: Magic Dart (safe; 14% risk of failure)
Confirm with . or Enter, or press ? or * to list all spells.
Aiming: Magic Dart (safe; 14% risk of failure)
Press: ? - help, Shift-Dir - straight line, f - hobgoblin
Aim: a hobgoblin, wielding a +0 club (0% to evade)
The magic dart hits the hobgoblin but does no damage.
The hobgoblin hits you with a +0 club.
Casting: Magic Dart (safe; 14% risk of failure)
Confirm with . or Enter, or press ? or * to list all spells.
Aiming: Magic Dart (safe; 14% risk of failure)
Press: ? - help, Shift-Dir - straight line, f/p - hobgoblin
Aim: a hobgoblin, wielding a +0 club (0% to evade)
The magic dart hits the hobgoblin but does no damage.
The hobgoblin hits you but does no damage.
Casting: Magic Dart (safe; 14% risk of failure)
Confirm with . or Enter, or press ? or * to list all spells.
Aiming: Magic Dart (safe; 14% risk of failure)
Press: ? - help, Shift-Dir - straight line, f/p - hobgoblin
Aim: a hobgoblin, wielding a +0 club (0% to evade)
The magic dart hits the hobgoblin.
The hobgoblin is moderately wounded.
The hobgoblin closely misses you.
Casting: Magic Dart (safe; 14% risk of failure)
Confirm with . or Enter, or press ? or * to list all spells.
Aiming: Magic Dart (safe; 14% risk of failure)
Press: ? - help, Shift-Dir - straight line, f/p - hobgoblin
Aim: a hobgoblin, wielding a +0 club (moderately wounded, 0% to evade)
The magic dart hits the hobgoblin.
The hobgoblin is heavily wounded.
The hobgoblin closely misses you.
Casting: Magic Dart (safe; 14% risk of failure)
Confirm with . or Enter, or press ? or * to list all spells.
Aiming: Magic Dart (safe; 14% risk of failure)
Press: ? - help, Shift-Dir - straight line, f/p - hobgoblin
Aim: a hobgoblin, wielding a +0 club (heavily wounded, 0% to evade)
The magic dart hits the hobgoblin.
The hobgoblin is severely wounded.
* * * LOW MAGIC WARNING * * *
The hobgoblin hits you but does no damage.
Things that are here:
a +0 club; a hobgoblin corpse
Casting: Magic Dart (safe; 14% risk of failure)
Confirm with . or Enter, or press ? or * to list all spells.
Aiming: Magic Dart (safe; 14% risk of failure)
Press: ? - help, Shift-Dir - straight line, f/p - hobgoblin
Aim: a hobgoblin, wielding a +0 club (severely wounded, 0% to evade)
The magic dart hits the hobgoblin but does no damage.
The hobgoblin is severely wounded.
The hobgoblin closely misses you.
Things that are here:
a +0 club; a hobgoblin corpse
Casting: Magic Dart (safe; 14% risk of failure)
Confirm with . or Enter, or press ? or * to list all spells.
Aiming: Magic Dart (safe; 14% risk of failure)
Press: ? - help, Shift-Dir - straight line, f/p - hobgoblin
Aim: a hobgoblin, wielding a +0 club (severely wounded, 0% to evade)
The magic dart hits the hobgoblin.
The hobgoblin is almost dead.
The hobgoblin closely misses you.
Casting: Magic Dart (safe; 14% risk of failure)
Confirm with . or Enter, or press ? or * to list all spells.
Aiming: Magic Dart (safe; 14% risk of failure)
Press: ? - help, Shift-Dir - straight line, f/p - hobgoblin
Aim: a hobgoblin, wielding a +0 club (almost dead, 0% to evade)
The magic dart hits the hobgoblin.
You kill the hobgoblin!
* * * LOW MAGIC WARNING * * *
Your Short Blades skill increases to level 1!
You start resting.
Magic restored.
Found a chain mail.
g - a red potion
f - 2 scrolls labelled ZUL VOTOFO (gained 1)
You see here a chain mail.
g - 2 red potions (gained 1)
f - 3 scrolls labelled ZUL VOTOFO (gained 1)
A dart slug comes into view.
Found 13 gold pieces.
A dart slug is nearby!
A kobold comes into view.
The dart slug launches a dart at you. The slug dart hits you.
There are monsters nearby!
Casting: Magic Dart (safe; 14% risk of failure)
Confirm with . or Enter, or press ? or * to list all spells.
Aiming: Magic Dart (safe; 14% risk of failure)
Press: ? - help, Shift-Dir - straight line, f - dart slug
Aim: a dart slug (0% to evade)
The magic dart hits the dart slug.
The dart slug is lightly wounded.
Casting: Magic Dart (safe; 14% risk of failure)
Confirm with . or Enter, or press ? or * to list all spells.
Aiming: Magic Dart (safe; 14% risk of failure)
Press: ? - help, Shift-Dir - straight line, f/p - dart slug
Aim: a dart slug (lightly wounded, 0% to evade)
The magic dart hits the dart slug.
The dart slug is moderately wounded.
Casting: Magic Dart (safe; 14% risk of failure)
Confirm with . or Enter, or press ? or * to list all spells.
Aiming: Magic Dart (safe; 14% risk of failure)
Press: ? - help, Shift-Dir - straight line, f/p - dart slug
Aim: a dart slug (moderately wounded, 0% to evade)
The magic dart hits the dart slug.
The dart slug is severely wounded.
The dart slug launches a dart at you. The slug dart hits you.
Casting: Magic Dart (safe; 14% risk of failure)
Confirm with . or Enter, or press ? or * to list all spells.
Aiming: Magic Dart (safe; 14% risk of failure)
Press: ? - help, Shift-Dir - straight line, f/p - dart slug
Aim: a dart slug (severely wounded, 0% to evade)
The magic dart hits the dart slug.
The dart slug is almost dead.
The kobold shouts!
The dart slug misses you.
Casting: Magic Dart (safe; 14% risk of failure)
Confirm with . or Enter, or press ? or * to list all spells.
Aiming: Magic Dart (safe; 14% risk of failure)
Press: ? - help, Shift-Dir - straight line, f/p - dart slug
Aim: a dart slug (almost dead, 0% to evade)
The magic dart hits the dart slug.
You kill the dart slug!
Casting: Magic Dart (safe; 14% risk of failure)
Confirm with . or Enter, or press ? or * to list all spells.
Aiming: Magic Dart (safe; 14% risk of failure)
Press: ? - help, Shift-Dir - straight line, f - kobold
Aim: a kobold (0% to evade)
The magic dart hits the kobold but does no damage.
* * * LOW MAGIC WARNING * * *
A rat comes into view.
You hit the kobold.
The kobold is severely wounded.
The kobold closely misses you.
You hit the kobold but do no damage.
The kobold is moderately wounded.
You completely miss the kobold.
The kobold is moderately wounded.
The kobold misses you.
You hit the kobold.
You kill the kobold!
You see here a kobold corpse.
You hit the rat.
The rat is moderately wounded.
The rat misses you.
You hit the rat but do no damage.
The rat is moderately wounded.
The rat closely misses you.
You hit the rat but do no damage.
The rat is moderately wounded.
The rat barely misses you.
You hit the rat.
The rat is severely wounded.
The rat bites you.
You hit the rat.
You kill the rat!
You see here a rat corpse.
You now have 23 gold pieces (gained 13).
h - a scroll labelled SEGIMM GE PALL You start resting.
HP restored.
You start resting.
Magic restored.
A bat comes into view.
Found a spear.
A bat is nearby!
A bat is nearby!
A bat is nearby!
The bat misses you. The bat closely misses you.
You closely miss the bat. You bite the bat.
You kill the bat!
No target in view!
A giant cockroach comes into view.
Found 21 stones.
A giant cockroach is nearby!
A giant cockroach is nearby!
The helpless giant cockroach fails to defend itself.
You puncture the giant cockroach!
You kill the giant cockroach!
No target in view!
You see here 21 stones.
A kobold comes into view. It is wielding a +1 dagger of speed.
A kobold is nearby!
A kobold is nearby!
Casting: Magic Dart (safe; 14% risk of failure)
Confirm with . or Enter, or press ? or * to list all spells.
Aiming: Magic Dart (safe; 14% risk of failure)
Press: ? - help, Shift-Dir - straight line, f - kobold
Aim: a kobold, wielding a +1 dagger of speed (0% to evade)
You miscast Magic Dart.
You are very lightly contaminated with residual magic.
Nothing appears to happen.
Casting: Magic Dart (safe; 14% risk of failure)
Confirm with . or Enter, or press ? or * to list all spells.
Aiming: Magic Dart (safe; 14% risk of failure)
Press: ? - help, Shift-Dir - straight line, f/p - kobold
Aim: a kobold, wielding a +1 dagger of speed (0% to evade)
The magic dart hits the kobold.
The kobold is heavily wounded.
Casting: Magic Dart (safe; 14% risk of failure)
Confirm with . or Enter, or press ? or * to list all spells.
Aiming: Magic Dart (safe; 14% risk of failure)
Press: ? - help, Shift-Dir - straight line, f/p - kobold
Aim: a kobold, wielding a +1 dagger of speed (heavily wounded, 0% to evade)
You miscast Magic Dart.
Nothing appears to happen.
Casting: Magic Dart (safe; 14% risk of failure)
Confirm with . or Enter, or press ? or * to list all spells.
Aiming: Magic Dart (safe; 14% risk of failure)
Press: ? - help, Shift-Dir - straight line, f/p - kobold
Aim: a kobold, wielding a +1 dagger of speed (heavily wounded, 0% to evade)
The magic dart hits the kobold but does no damage.
The kobold is heavily wounded.
The kobold hits you but does no damage.
Casting: Magic Dart (safe; 14% risk of failure)
Confirm with . or Enter, or press ? or * to list all spells.
Aiming: Magic Dart (safe; 14% risk of failure)
Press: ? - help, Shift-Dir - straight line, f/p - kobold
Aim: a kobold, wielding a +1 dagger of speed (moderately wounded, 0% to evade)
The magic dart hits the kobold but does no damage.
The kobold is moderately wounded.
The kobold closely misses you.
Casting: Magic Dart (safe; 14% risk of failure)
Confirm with . or Enter, or press ? or * to list all spells.
Aiming: Magic Dart (safe; 14% risk of failure)
Press: ? - help, Shift-Dir - straight line, f/p - kobold
Aim: a kobold, wielding a +1 dagger of speed (moderately wounded, 0% to evade)
The magic dart hits the kobold.
The kobold is severely wounded.
* * * LOW MAGIC WARNING * * *
The kobold closely misses you.
The kobold hits you with a +1 dagger of speed.
You see here 21 stones.
Casting: Magic Dart (safe; 14% risk of failure)
Confirm with . or Enter, or press ? or * to list all spells.
Aiming: Magic Dart (safe; 14% risk of failure)
Press: ? - help, Shift-Dir - straight line, f/p - kobold
Aim: a kobold, wielding a +1 dagger of speed (severely wounded, 0% to evade)
You miscast Magic Dart.
Nothing appears to happen.
* * * LOW MAGIC WARNING * * *
The kobold hits you with a +1 dagger of speed.
Your magical contamination has completely faded away.
Casting: Magic Dart (safe; 14% risk of failure)
Confirm with . or Enter, or press ? or * to list all spells.
Aiming: Magic Dart (safe; 14% risk of failure)
Press: ? - help, Shift-Dir - straight line, f/p - kobold
Aim: a kobold, wielding a +1 dagger of speed (severely wounded, 0% to evade)
The magic dart hits the kobold.
You kill the kobold!
* * * LOW MAGIC WARNING * * *
Things that are here:
a +1 dagger of speed; a kobold corpse
i - a +1 dagger of speed Your hands tingle!
i - a +1 dagger of speed (weapon)
You start resting.
Magic restored.
You see here 21 stones.
You now have 35 gold pieces (gained 12).
You see here a rat skeleton.
Found a spear.
Found a stone staircase leading down.
A rat comes into view.
A rat is nearby!
A bat comes into view.
Found a scroll labelled CYAHOCASTRU.
Found 14 gold pieces.
The helpless rat fails to defend itself.
You puncture the rat!
You kill the rat!
The bat hits you but does no damage.
You see here a rat corpse.
An ooze comes into view.
The bat misses you.
You see here a scroll labelled CYAHOCASTRU.
The bat hits you but does no damage.
You hit the bat.
The bat is moderately wounded.
The bat hits you but does no damage.
You hit the bat.
You kill the bat!
A hobgoblin comes into view. It is wielding a +0 club.
The hobgoblin shouts!
The ooze quivers.
You hit the ooze.
The ooze is lightly wounded.
The ooze barely misses you.
You hit the ooze but do no damage.
The ooze is lightly wounded.
You hit the ooze.
The ooze is lightly wounded.
The ooze hits you.
You hit the ooze.
The ooze is moderately wounded.
The hobgoblin barely misses you.
You hit the ooze but do no damage.
The ooze is moderately wounded.
The ooze hits you.
You hit the ooze.
The ooze is severely wounded.
The hobgoblin hits you with a +0 club. The ooze hits you.
You are too injured to fight recklessly!
You are too injured to fight recklessly!
You are too injured to fight recklessly!
You are too injured to fight recklessly!
You are too injured to fight recklessly!
You are too injured to fight recklessly!
You are too injured to fight recklessly!
You are too injured to fight recklessly!
You are too injured to fight recklessly!
You are too injured to fight recklessly!
You are too injured to fight recklessly!
You are too injured to fight recklessly!
You are too injured to fight recklessly!
You are too injured to fight recklessly!
Casting: Magic Dart (safe; 14% risk of failure)
Confirm with . or Enter, or press ? or * to list all spells.
Aiming: Magic Dart (safe; 14% risk of failure)
Press: ? - help, Shift-Dir - straight line, f - ooze
Aim: an ooze (heavily wounded, 0% to evade)
The magic dart hits the ooze.
The ooze is severely wounded.
The ooze hits you.
* * * LOW HITPOINT WARNING * * *
The hobgoblin closely misses you.
Casting: Magic Dart (safe; 14% risk of failure)
Confirm with . or Enter, or press ? or * to list all spells.
Aiming: Magic Dart (safe; 14% risk of failure)
Press: ? - help, Shift-Dir - straight line, f/p - ooze
Aim: an ooze (severely wounded, 0% to evade)
The magic dart hits the ooze.
The ooze is almost dead.
The ooze barely misses you.
Casting: Magic Dart (safe; 14% risk of failure)
Confirm with . or Enter, or press ? or * to list all spells.
Aiming: Magic Dart (safe; 14% risk of failure)
Press: ? - help, Shift-Dir - straight line, f/p - ooze
Aim: an ooze (almost dead, 0% to evade)
The magic dart hits the ooze.
You kill the ooze!
Casting: Magic Dart (safe; 14% risk of failure)
Confirm with . or Enter, or press ? or * to list all spells.
Aiming: Magic Dart (safe; 14% risk of failure)
Press: ? - help, Shift-Dir - straight line, f - hobgoblin
Aim: a hobgoblin, wielding a +0 club (0% to evade)
You miscast Magic Dart.
You are very lightly contaminated with residual magic.
Nothing appears to happen.
The hobgoblin closely misses you.
Casting: Magic Dart (safe; 14% risk of failure)
Confirm with . or Enter, or press ? or * to list all spells.
Aiming: Magic Dart (safe; 14% risk of failure)
Press: ? - help, Shift-Dir - straight line, f/p - hobgoblin
Aim: a hobgoblin, wielding a +0 club (0% to evade)
The magic dart hits the hobgoblin but does no damage.
The hobgoblin closely misses you.
Casting: Magic Dart (safe; 14% risk of failure)
Confirm with . or Enter, or press ? or * to list all spells.
Aiming: Magic Dart (safe; 14% risk of failure)
Press: ? - help, Shift-Dir - straight line, f/p - hobgoblin
Aim: a hobgoblin, wielding a +0 club (0% to evade)
The magic dart hits the hobgoblin.
The hobgoblin is heavily wounded.
Casting: Magic Dart (safe; 14% risk of failure)
Confirm with . or Enter, or press ? or * to list all spells.
Aiming: Magic Dart (safe; 14% risk of failure)
Press: ? - help, Shift-Dir - straight line, f/p - hobgoblin
Aim: a hobgoblin, wielding a +0 club (heavily wounded, 0% to evade)
The magic dart hits the hobgoblin.
The hobgoblin is almost dead.
* * * LOW MAGIC WARNING * * *
The hobgoblin misses you.
You hit the hobgoblin.
You kill the hobgoblin!
You see here a +0 club.
You start resting.
Your magical contamination has completely faded away.
You start resting.
HP restored.
Magic restored.
j - a scroll labelled CYAHOCASTRU
There is a stone staircase leading down here.
You now have 49 gold pieces (gained 14).
Found 22 stones.
Found an escape hatch in the floor.
A goblin comes into view. It is wielding a +0 club.
The goblin shouts!
The goblin hits you but does no damage.
You hit the goblin.
The goblin is moderately wounded.
The goblin hits you with a +0 club.
You barely miss the goblin.
The goblin is moderately wounded.
You barely miss the goblin.
The goblin is moderately wounded.
The goblin hits you with a +0 club.
You closely miss the goblin.
The goblin is moderately wounded.
The goblin hits you but does no damage.
You hit the goblin. You bite the goblin, but do no damage.
The goblin is severely wounded.
You closely miss the goblin. Your bite misses the goblin.
The goblin is severely wounded.
The goblin barely misses you.
You hit the goblin.
You kill the goblin!
Your Stealth skill increases to level 4!
No target in view!
No target in view!
A rat comes into view.
A rat is nearby!
A rat is nearby!
A rat is nearby!
Casting: Magic Dart (safe; 14% risk of failure)
Confirm with . or Enter, or press ? or * to list all spells.
Aiming: Magic Dart (safe; 14% risk of failure)
Press: ? - help, Shift-Dir - straight line, f - rat
Aim: a rat (wandering, hasn't noticed you, 0% to evade)
The magic dart hits the rat.
The rat is severely wounded.
Casting: Magic Dart (safe; 14% risk of failure)
Confirm with . or Enter, or press ? or * to list all spells.
Aiming: Magic Dart (safe; 14% risk of failure)
Press: ? - help, Shift-Dir - straight line, f/p - rat
Aim: a rat (severely wounded, 0% to evade)
The magic dart hits the rat but does no damage.
The rat is severely wounded.
The rat twitches its whiskers.
A rat is nearby!
A rat is nearby!
A rat is nearby!
Casting: Magic Dart (safe; 14% risk of failure)
Confirm with . or Enter, or press ? or * to list all spells.
Aiming: Magic Dart (safe; 14% risk of failure)
Press: ? - help, Shift-Dir - straight line, f/p - rat
Aim: a rat (severely wounded, 0% to evade)
The magic dart hits the rat.
You kill the rat!
You have reached level 3!
Your experience leads to an increase in your attributes!
Increase (S)trength, (I)ntelligence, or (D)exterity?
You feel clever.
If you were bloodless you could now transform into a vampire bat.
You now have 59 gold pieces (gained 10).
g - 3 red potions (gained 1) Key pressed, stopping explore.
You see here a +0 club.
You see here a rat skeleton.
A dart slug comes into view.
A dart slug is nearby!
A dart slug is nearby!
The helpless dart slug fails to defend itself.
You puncture the dart slug!
You kill the dart slug!
No target in view!
You see here a dart slug corpse.
Done exploring.
Done exploring.
Done exploring.
Done exploring.
(D) Dungeon
Where to? (? - help)
There is a stone staircase leading down here.
You climb downwards.
Found a scroll labelled XOWENTU UNTUE and a hunting sling.
There is a stone staircase leading up here.
k - a scroll labelled XOWENTU UNTUE
Found a helmet.
A kobold comes into view. It is wielding a +0 dagger.
A kobold is nearby!
A kobold is nearby!
The helpless kobold fails to defend itself.
You puncture the kobold!
You kill the kobold!
This spell is potentially lethal to cast!
Memorise Mephitic Cloud, consuming 3 spell levels and leaving 4?
You start memorising the spell.
You continue memorising. x3
You finish memorising.
Spell assigned to 'b'.
Memorise Blink, consuming 2 spell levels and leaving 2?
You start memorising the spell.
You continue memorising. x2
You finish memorising.
Spell assigned to 'c'.
Okay, then.
Things that are here:
a +0 dagger; 2 stones; a kobold corpse A rat comes into view.
A rat is nearby!
A rat is nearby!
Found 16 stones and a scroll labelled GES WILOMO.
A kobold comes into view.
It is wielding a +1 short sword of venom.
Found 4 gold pieces.
A goblin and a kobold come into view.
The goblin shouts!
The rat closely misses you.
Found 4 gold pieces.
The kobold shouts!
You hit the rat.
The rat is moderately wounded.
The rat closely misses you.
You barely miss the rat.
The rat is moderately wounded.
The rat bites you.
You hit the rat.
The rat is severely wounded.
You hit the rat.
You kill the rat!
Casting: Magic Dart (safe; 13% risk of failure)
Confirm with . or Enter, or press ? or * to list all spells.
You don't know that spell.
Okay, then.
Casting: Magic Dart (safe; 13% risk of failure)
Confirm with . or Enter, or press ? or * to list all spells.
Aiming: Magic Dart (safe; 13% risk of failure)
Press: ? - help, Shift-Dir - straight line, f - goblin
Aim: a goblin, wielding a -2 club (0% to evade)
You miscast Magic Dart.
You are very lightly contaminated with residual magic.
Nothing appears to happen.
Casting: Magic Dart (safe; 13% risk of failure)
Confirm with . or Enter, or press ? or * to list all spells.
Aiming: Magic Dart (safe; 13% risk of failure)
Press: ? - help, Shift-Dir - straight line, f/p - goblin
Aim: a goblin, wielding a -2 club (0% to evade)
The magic dart hits the goblin.
The goblin is moderately wounded.
You barely miss the kobold. The kobold hits you but does no damage.
You are poisoned.
You feel sick.
You feel sick.
You feel sick.
Your magical contamination has completely faded away.
You feel sick.
There is a stone staircase leading up here.
An adder comes into view.
You feel sick.
You see here a helmet.
You aren't carrying any items that you can evoke.
Okay, then.
Casting: Magic Dart (safe; 13% risk of failure)
Confirm with . or Enter, or press ? or * to list all spells.
You blink.
You feel sick.
The adder hisses angrily.
The kobold hits you.
There is a stone staircase leading up here.
You feel sick.
You are no longer poisoned.
The kobold barely misses you.
You climb upwards.
There is a stone staircase leading down here.
You hit the kobold.
The kobold is severely wounded.
The kobold closely misses you.
You closely miss the kobold.
The kobold is severely wounded.
You hit the kobold.
You kill the kobold!
You start resting.
HP restored.
You start resting.
Magic restored.
Unknown command.
There is a stone staircase leading down here.
There is a stone staircase leading down here.
You climb downwards.
A dart slug comes into view.
There is a stone staircase leading up here.
Casting: Blink (safe; 19% risk of failure)
Confirm with . or Enter, or press ? or * to list all spells.
You don't know that spell.
The helpless dart slug fails to defend itself.
You impale the dart slug!!
You kill the dart slug!
g - 4 red potions (gained 1)
You now have 63 gold pieces (gained 4).
An adder is nearby!
An adder is nearby!
Casting: Blink (safe; 19% risk of failure)
Confirm with . or Enter, or press ? or * to list all spells.
Aiming: Magic Dart (safe; 13% risk of failure)
Press: ? - help, Shift-Dir - straight line, f - adder
Aim: an adder (wandering, hasn't noticed you, 0% to evade)
The magic dart hits the adder.
The adder is lightly wounded.
The adder hisses angrily.
Casting: Magic Dart (safe; 13% risk of failure)
Confirm with . or Enter, or press ? or * to list all spells.
Aiming: Magic Dart (safe; 13% risk of failure)
Press: ? - help, Shift-Dir - straight line, f/p - adder
Aim: an adder (lightly wounded, 0% to evade)
The magic dart hits the adder.
The adder is moderately wounded.
Casting: Magic Dart (safe; 13% risk of failure)
Confirm with . or Enter, or press ? or * to list all spells.
Aiming: Magic Dart (safe; 13% risk of failure)
Press: ? - help, Shift-Dir - straight line, f/p - adder
Aim: an adder (moderately wounded, 0% to evade)
The magic dart hits the adder.
The adder is heavily wounded.
Casting: Magic Dart (safe; 13% risk of failure)
Confirm with . or Enter, or press ? or * to list all spells.
Aiming: Magic Dart (safe; 13% risk of failure)
Press: ? - help, Shift-Dir - straight line, f/p - adder
Aim: an adder (heavily wounded, 0% to evade)
The magic dart hits the adder but does no damage.
The adder is heavily wounded.
Casting: Magic Dart (safe; 13% risk of failure)
Confirm with . or Enter, or press ? or * to list all spells.
Aiming: Magic Dart (safe; 13% risk of failure)
Press: ? - help, Shift-Dir - straight line, f/p - adder
Aim: an adder (heavily wounded, 0% to evade)
The magic dart hits the adder.
The adder is severely wounded.
The adder barely misses you.
Casting: Magic Dart (safe; 13% risk of failure)
Confirm with . or Enter, or press ? or * to list all spells.
Aiming: Magic Dart (safe; 13% risk of failure)
Press: ? - help, Shift-Dir - straight line, f/p - adder
Aim: an adder (severely wounded, 0% to evade)
The magic dart hits the adder.
The adder is severely wounded.
The adder bites you.
Casting: Magic Dart (safe; 13% risk of failure)
Confirm with . or Enter, or press ? or * to list all spells.
Aiming: Magic Dart (safe; 13% risk of failure)
Press: ? - help, Shift-Dir - straight line, f/p - adder
Aim: an adder (severely wounded, 0% to evade)
The magic dart hits the adder.
The adder is almost dead.
* * * LOW MAGIC WARNING * * *
The adder bites you.
You completely miss the adder. You bite the adder, but do no damage.
The adder is almost dead.
The adder misses you.
You hit the adder.
You kill the adder!
There is a stone staircase leading up here.
You climb upwards.
There is a stone staircase leading down here.
You start resting.
HP restored.
You start resting.
Magic restored.
You begin bloodletting.
You continue bloodletting. x5
Now bloodless.
You climb downwards.
The kobold hits you with a +1 short sword of venom.
The kobold hits you but does no damage.
There is a stone staircase leading up here.
Casting: Magic Dart (safe; 13% risk of failure)
Confirm with . or Enter, or press ? or * to list all spells.
Aiming: Magic Dart (safe; 13% risk of failure)
Press: ? - help, Shift-Dir - straight line, f - kobold
Aim: a kobold, wielding a +1 short sword of venom (0% to evade)
The magic dart hits the kobold.
The kobold is moderately wounded.
The kobold hits you with a +1 short sword of venom.
Casting: Magic Dart (safe; 13% risk of failure)
Confirm with . or Enter, or press ? or * to list all spells.
Aiming: Magic Dart (safe; 13% risk of failure)
Press: ? - help, Shift-Dir - straight line, f/p - kobold
Aim: a kobold, wielding a +1 short sword of venom (moderately wounded, 0% to evade)
The magic dart hits the kobold.
The kobold is heavily wounded.
The kobold hits you but does no damage.
Casting: Magic Dart (safe; 13% risk of failure)
Confirm with . or Enter, or press ? or * to list all spells.
Aiming: Magic Dart (safe; 13% risk of failure)
Press: ? - help, Shift-Dir - straight line, f/p - kobold
Aim: a kobold, wielding a +1 short sword of venom (heavily wounded, 0% to evade)
The magic dart hits the kobold but does no damage.
The kobold is heavily wounded.
The kobold closely misses you.
Casting: Magic Dart (safe; 13% risk of failure)
Confirm with . or Enter, or press ? or * to list all spells.
Aiming: Magic Dart (safe; 13% risk of failure)
Press: ? - help, Shift-Dir - straight line, f/p - kobold
Aim: a kobold, wielding a +1 short sword of venom (heavily wounded, 0% to evade)
The magic dart hits the kobold but does no damage.
The kobold is heavily wounded.
The kobold hits you with a +1 short sword of venom.
The kobold closely misses you.
You climb upwards.
There is a stone staircase leading down, spattered with blood here.
The kobold hits you with a +1 short sword of venom.
* * * LOW HITPOINT WARNING * * *
There is an open door here.
You see here a dagger.
You see here a ring mail.
There is an open door here.
Unknown command.
Casting: Magic Dart (safe; 13% risk of failure)
Confirm with . or Enter, or press ? or * to list all spells.
You blink.
The kobold hits you with a +1 short sword of venom!
You die...

### ### ### #.########.# #.#
#..........######.#######
######.########..............#
.......# ##############.##
######## #..@K§..#...##.##
###### #.#####.#.#.#...#
.....# #.#.#...#.#.#..##
....†# #.#P#.###...#..# .....#
#.#.#.....#.#### .....#
#.#.#'###.#.# .....####
#...#...#.'## ....)..>#
#####.#.#.#[.<#
.....##.####)..#.#.#.#.'##


You could see a kobold.

Vanquished Creatures
  An adder (D:2)
  An ooze (D:1)
  3 dart slugs
  2 giant cockroaches (D:1)
  3 goblins (D:1)
  4 hobgoblins (D:1)
  3 bats (D:1)
  A frilled lizard (D:1)
  5 kobolds
  4 rats
27 creatures vanquished.

Notes
Turn   | Place    | Note
-------+----------+-------------------------------------------
     0 | D:1      | sleeves the Vampire Hedge Wizard began the quest for the
                  | Orb.
     0 | D:1      | Reached XP level 1. HP: 13/13 MP: 4/4
   302 | D:1      | HP: 5/13 [hobgoblin/+0 club (5)]
   303 | D:1      | HP: 2/13 [hobgoblin/+0 club (3)]
   334 | D:1      | HP: 5/13 [hobgoblin/+0 club (5)]
   347 | D:1      | Reached XP level 2. HP: 12/19 MP: 3/6
   403 | D:1      | Reached skill level 1 in Short Blades
   843 | D:1      | HP: 9/19 [ooze (3)]
   941 | D:1      | Reached skill level 4 in Stealth
   951 | D:1      | Reached XP level 3. HP: 24/24 MP: 3/7
  1262 | D:2      | Learned a level 3 spell: Mephitic Cloud
  1265 | D:2      | Learned a level 2 spell: Blink
  1451 | D:1      | HP: 8/19 [kobold/+1 short sword of venom (3)]
  1504 | D:1      | Slain by a kobold

Illustrated notes

Levels and vault maps discovered:
D:1:      onia_arrival_mini_maze_b, layout_basic
D:2:      layout_rooms

Skill      XL: |  1  2 |
---------------+-------+-----
Short Blades   | 1 |  1.7
Stealth        | 4 |  4.3
Dodging        | |  2.1
Spellcasting   | |  3.4
Conjurations   | |  0.6
Summonings     | |  1.0
Translocations | |  0.7
Air Magic      | |  0.2

Action                   || total
-------------------------++-------
Melee: Dagger            ||    53
       Bite              ||     3
 Cast: Magic Dart        ||    48
       Blink             ||     2
 Abil: Exsanguinate      ||     1
 Stab: Sleeping          ||     8
Armor: Robe              ||     7
Dodge: Dodged            ||    36
